 Dungeon Crawl Stone Soup version 0.21.0-3-g78d12a8 (webtiles) character file.

83 MTVSty1e the Slasher (level 4, 0/33 HPs)
             Began as a Human Gladiator on Jan 9, 2018.
             Slain by an adder (3 damage)
             ... on level 3 of the Dungeon.
             The game lasted 00:03:11 (1581 turns).

MTVSty1e the Slasher (Human Gladiator)              Turns: 1581, Time: 00:03:12

Health: 0/33       AC: 10    Str: 16    XL:     4   Next: 71%
Magic:  13/13      EV: 13    Int:  8    God:
Gold:   128        SH:  0    Dex: 19    Spells: 3/3 levels left

rFire    . . .     SeeInvis .   a - +0 long sword
rCold    . . .     Gourm    .   (no shield)
rNeg     . . .     Faith    .   h - +0 chain mail
rPois    .         Spirit   .   c - +0 helmet
rElec    .         Reflect  .   (no cloak)
rCorr    .         Harm     .   v - +0 pair of gloves
MR       .....                  (no boots)
Stlth    ..........             (no amulet)
HPRegen  0.11/turn              j - ring of magical power
MPRegen  0.13/turn              (no ring)

@: agile, hasted (expiring), very quick
A: no striking features
a: no special abilities


You were on level 3 of the Dungeon.
You were hungry.

You visited 1 branch of the dungeon, and saw 3 of its levels.

You collected 128 gold pieces.

Inventory:

Hand Weapons
 a - a +0 long sword (weapon)
Missiles
 d - 3 throwing nets (quivered)
Armour
 c - a +0 helmet (worn)
 h - a +0 chain mail (worn)
 v - a +0 pair of gloves (worn)
Jewellery
 j - a ring of magical power (left hand)
Scrolls
 i - a scroll of blinking {unknown}
 k - 3 scrolls of remove curse {unknown}
 l - 2 scrolls of teleportation {unknown}
 m - a scroll of fear {unknown}
 n - 3 scrolls of amnesia {unknown}
 q - 2 scrolls of identify {unknown}
 u - a scroll of fog {unknown}
Potions
 g - a potion of invisibility {unknown}
 o - 2 potions of agility
 p - a potion of lignification {unknown}
 r - a potion of degeneration {unknown}
 t - 2 potions of haste
Comestibles
 f - 4 rations


   Skills:
 - Level 2.0 Fighting
 * Level 5.1 Long Blades
 - Level 2.0 Throwing
 - Level 3.0 Dodging


You had 3 spell levels left.
You didn't know any spells.

Dungeon Overview and Level Annotations

Branches:
Dungeon (3/15)

Altars:

Annotations:
D:3 pie21's ghost, amateur HOMo


Message History

The adder bites you but does no damage.
You are feeling hungry.
You barely miss the adder.
The adder is heavily wounded.
The adder bites you but does no damage.
You closely miss the adder. The adder bites you.
* * * LOW HITPOINT WARNING * * *
The adder bites you.
* * * LOW HITPOINT WARNING * * *
You barely miss the adder. The adder bites you but does no damage.
The adder barely misses you.
It was a potion of agility.
You feel agile all of a sudden. The adder bites you but does no damage.
The adder bites you.
* * * LOW HITPOINT WARNING * * *
You hit the adder but do no damage. The adder bites you but does no damage.
You slash the adder!
The adder is severely wounded.
The adder bites you.
You die...

#######.# #W#
#.# #.# #.# #.#
#.# #
#.###########>.#
#....g.W.S@S...#
##############.#


You could see pie21's ghost, 2 adders and a hobgoblin.

Vanquished Creatures
  3 adders (D:2)
  2 dart slugs
  A leopard gecko (D:1)
  7 giant cockroaches
  3 goblins
  7 hobgoblins
  2 jackals (D:1)
  5 kobolds (D:1)
  6 bats
  5 frilled lizards
  A giant cockroach zombie (D:2)
  A jackal zombie (D:2)
  8 rats
51 creatures vanquished.

Notes
Turn   | Place    | Note
-------+----------+-------------------------------------------
     0 | D:1      | MTVSty1e the Human Gladiator began the quest for the Orb.
     0 | D:1      | Reached XP level 1. HP: 16/16 MP: 1/1
    44 | D:1      | Reached XP level 2. HP: 8/22 MP: 2/2
   327 | D:1      | Reached skill level 4 in Long Blades
   327 | D:1      | Reached XP level 3. HP: 23/27 MP: 3/3
   823 | D:2      | Reached XP level 4. HP: 15/33 MP: 4/4
  1176 | D:2      | Reached skill level 5 in Long Blades
  1534 | D:3      | Noticed pie21's ghost (amateur HOMo)
  1581 | D:3      | Slain by an adder

Skill      XL: |  1  2  3  4 |
---------------+-------------+-----
Long Blades    | 4 5 |  5.1
Fighting       | |  2.0
Throwing       | |  2.0
Dodging        | |  3.0

Action                   |  1- 3 |  4- 6 || total
-------------------------+-------+-------++-------
Melee: Long sword        |   101 |    68 ||   169
  Use: Potion            |       |     3 ||     3
  Eat: Chunk             |       |     2 ||     2
Armor: Leather armour    |     5 |       ||     5
       Chain mail        |    79 |    53 ||   132
Dodge: Dodged            |    74 |    30 ||   104
       Rpst.: Long sword |    28 |    14 ||    42
